 Dungeon Crawl Stone Soup version 0.18-a0-619-g89c329e (webtiles) character file.

114 4thArraOfDagon the Unweaver (level 4, 0/35 HPs)
             Began as a Demonspawn Abyssal Knight on Dec 4, 2015.
             Was a Follower of Lugonu.
             Slain by an orc
             ... wielding a +2 hand axe of chopping
              (3 damage)
             ... on level 3 of the Dungeon.
             The game lasted 00:05:28 (1044 turns).

4thArraOfDagon the Unweaver (DsAK)                  Turns: 1044, Time: 00:05:28

Health: 0/35       AC:  6    Str: 13    XL:     4   Next: 66%
Magic:  6/6        EV: 11    Int: 14    God:    Lugonu [*.....]
Gold:   113        SH:  0    Dex: 12    Spells: 0 memorised, 3 levels left

rFire  . . .     SeeInvis .     q - +0 flail
rCold  . . .     Clarity  .     d - +0 scale mail
rNeg   . . .     SustAt   .     (no shield)
rPois  .         Gourm    .     (no helmet)
rElec  .         Spirit   .     (no cloak)
rCorr  .         Dismiss  .     (no gloves)
rMut   .         Stasis   .     (no boots)
MR     .....                    (no amulet)
Stlth  ..........               (no ring)
                                (no ring)

@: not resistant to hostile enchantments, extremely unstealthy
A: hooves 1, repulsion field 1, demonic guardian 1
a: Depart the Abyss, Renounce Religion


You were on level 3 of the Dungeon.
You worshipped Lugonu.
Lugonu was aware of your devotion.
You were not hungry.

You visited 1 branch of the dungeon, and saw 3 of its levels.
You visited the Abyss 1 time.

You collected 113 gold pieces.

Inventory:

Hand Weapons
 a - a +1 mace
 q - a +0 flail (weapon)
Armour
 d - a +0 scale mail (worn)
Jewellery
 h - an uncursed amulet of stasis
Scrolls
 b - a scroll of teleportation {unknown}
 g - 2 scrolls of amnesia {unknown}
 i - 4 scrolls of recharging {unknown}
 j - 4 scrolls of identify {unknown}
 m - a scroll of remove curse {unknown}
 n - a scroll of magic mapping {unknown}
 o - a scroll of immolation {unknown}
Potions
 e - a potion of agility
 f - a potion of lignification
 l - 2 potions of brilliance {unknown}
 p - 2 potions of might {unknown}
 s - a potion of curing {unknown}
Comestibles
 c - 2 bread rations
 k - a slice of pizza
 r - 3 chunks of flesh


   Skills:
 + Level 3.4 Fighting
 * Level 2.9 Maces & Flails
 + Level 2.4 Armour
 + Level 1.4 Dodging
 * Level 3.9 Invocations


You had 3 spell levels left.
You didn't know any spells.

Dungeon Overview and Level Annotations

Branches:
Dungeon (3/15)

Altars:
Vehumet

Annotations:
D:2 Sigmund


Innate Abilities, Weirdness & Mutations

You have large cloven feet.
You are surrounded by a mild repulsion field (EV +2).
A weak demonic guardian rushes to your aid.


Message History

You barely miss the orc. You kick the orc, but do no damage.
The orc hits you but does no damage.
Your scale mail prevents you from hitting the orc.
You kick the orc, but do no damage. The orc closely misses you.
Press: ? - help, v - describe, . - travel
Here: an orc, wielding a hand axe of chopping and wearing a ring mail The floor.
Unknown command.
You hit the orc.
The orc is heavily wounded.
The orc hits you with a hand axe of chopping.
* * * LOW HITPOINT WARNING * * *
x2 Unknown command.
Your scale mail prevents you from hitting the orc.
The orc is heavily wounded.
The orc hits you with a hand axe of chopping.
* * * LOW HITPOINT WARNING * * *
x2 Unknown command.
The orc hits you with a hand axe of chopping.
You die...

##################............#
..............÷...............#
##################............#
.... ..# #............# ## #.#
#............# # #.#
#............# #.#
#............#
..#####.#####'#############
..........@o............)..
.#####.#####..............
.........................##
...)...........#########.##
........######.# #†.# .....####
#.# ##.# ..##. #.# #.# . # #.#
#.. ###.###########.


You could see an orc.

Vanquished Creatures
  Ijyb (D:2)
  An orc wizard (D:3)
  Natasha (D:2)
  An adder (D:2)
  2 orcs (D:3)
  4 bats
  2 giant newts
  5 goblins
  5 kobolds
  A quokka (D:2)
  4 rats
27 creatures vanquished.

Vanquished Creatures (collateral kills)
  An orc (D:3)
1 creature vanquished.

Grand Total: 28 creatures vanquished

Notes
Turn   | Place    | Note
--------------------------------------------------------------
     0 | Abyss:1  | 4thArraOfDagon the Demonspawn Abyssal Knight began the quest for the Orb.
     0 | Abyss:1  | Reached XP level 1. HP: 18/18 MP: 2/2
    36 | Abyss:1  | Noticed a raiju
    39 | D:1      | Escaped the Abyss
   157 | D:1      | Reached skill level 1 in Dodging
   160 | D:1      | Reached * piety under Lugonu
   241 | D:1      | Gained mutation: You have large cloven feet. [demonic ancestry]
   241 | D:1      | Reached XP level 2. HP: 16/24 MP: 4/4
   461 | D:2      | Noticed Natasha
   482 | D:2      | Killed Natasha
   482 | D:2      | Gained mutation: You are surrounded by a mild repulsion field (EV +2). [demonic ancestry]
   482 | D:2      | Reached XP level 3. HP: 13/29 MP: 5/5
   561 | D:2      | Noticed Sigmund
   768 | D:2      | Found a radiant altar of Vehumet.
   771 | D:2      | Noticed Ijyb
   808 | D:2      | Killed Ijyb
   808 | D:2      | Gained mutation: A weak demonic guardian rushes to your aid. [demonic ancestry]
   808 | D:2      | Reached XP level 4. HP: 19/35 MP: 6/6
  1044 | D:3      | Slain by an orc

Vault maps used:
D:1:      dpeg_arrival_court
D:2:      lemuel_round_altar, johnstein_pakellas_dig, uniq_natasha, uniq_iyjb,
          uniq_sigmund
D:3:      okawaru_metal_pillars_1_2

Action                   |  1- 3 |  4- 6 || total
-------------------------+-------+-------++-------
Melee: Mace              |    97 |    12 ||   109
       Flail             |       |    35 ||    35
Invok: Depart the Abyss  |     1 |       ||     1
  Use: Potion            |     1 |       ||     1
  Eat: Chunk             |       |     1 ||     1
